 Dungeon Crawl Stone Soup version 0.17-a0-1248-g117de50 (webtiles) character file.

137641 OTRawrior the Destroyer (level 17, -10/102 HPs)
             Began as a Gargoyle Wizard on June 3, 2015.
             Was a High Priest of Vehumet.
             Killed from afar by a fire dragon (31 damage)
             ... with a blast of flame
             ... on level 15 of the Dungeon on June 5, 2015.
             The game lasted 03:27:40 (49514 turns).

OTRawrior the Destroyer (Gargoyle Wizard)          Turns: 49514, Time: 03:27:40

Health: -10/102    AC: 26    Str: 12    XL:     17   Next: 24%
Magic:  7/39       EV: 14    Int: 25    God:    Vehumet [*****.]
Gold:   1979       SH:  8    Dex:  8    Spells: 8 memorised, 4 levels left

rFire  . . .     SeeInvis .     H - staff of energy
rCold  + . .     Clarity  .     c - +2 robe {MR+}
rNeg   + . .     SustAt   .     R - +2 buckler {rC+}
rPois  ∞         Gourm    +     U - +1 helmet "Heginkov" {Regen+}
rElec  +         Spirit   .     O - +0 cloak
rCorr  .         Warding  .     B - +1 pair of gloves
rMut   .         Stasis   .     Z - +2 pair of boots
MR     +++..                    y - amulet of the gourmand
Stlth  ++........               A - ring of protection from magic
                                M - ring of magical power

@: repel missiles, extremely resistant to hostile enchantments, unstealthy
A: big wings, negative energy resistance 1, electricity resistance, unbreathing,
petrification resistance, rot immunity, AC +12
a: Fly, Renounce Religion


You were on level 15 of the Dungeon.
You worshipped Vehumet.
Vehumet was extremely pleased with you.
You were completely stuffed.

You visited 4 branches of the dungeon, and saw 28 of its levels.

You collected 2907 gold pieces.
You spent 928 gold pieces at shops.

Inventory:

Hand weapons
 L - a +2 short sword of venom
Armour
 c - a +2 robe of magic resistance (worn)
 B - a +1 pair of gloves (worn)
 O - a +0 cloak (worn)
 Q - a +3 leather armour of cold resistance
 R - a +2 buckler of cold resistance (worn)
 U - the +1 helmet "Heginkov" (worn) {Regen+}
   (You bought it in a shop on level 4 of the Orcish Mines)

   It increases your rate of regeneration.
 Z - a +2 pair of boots (worn)
Magical staves
 D - an uncursed staff of wizardry
 H - an uncursed staff of energy (weapon)
Jewellery
 d - an uncursed amulet of resist corrosion
 r - a +2 ring of intelligence {unknown}
 u - an uncursed ring of stealth
 y - an amulet of the gourmand (around neck)
 A - a ring of protection from magic (right hand)
 C - an uncursed ring of fire {unknown}
 M - a ring of magical power (left hand)
Magical devices
 o - a wand of fire (0)
 s - a wand of slowing (6)
 v - a wand of heal wounds (3)
 x - a wand of enslavement (7)
 z - a wand of polymorph (9)
 F - a wand of disintegration (16)
 G - a wand of flame (12)
 I - a wand of frost (2)
 V - a wand of fire (6)
 W - a wand of magic darts (20)
 X - a wand of confusion (32)
Scrolls
 a - 2 scrolls of magic mapping
 i - 2 scrolls of blinking
 j - 5 scrolls of enchant weapon
 n - 3 scrolls of enchant armour
 w - 6 scrolls of amnesia
 K - a scroll of fear
 P - 7 scrolls of remove curse
 T - 3 scrolls of recharging
Potions
 b - 3 potions of brilliance
 e - 2 potions of invisibility
 g - a potion of curing
 k - 3 potions of might
 p - 2 potions of flight
 q - 2 potions of haste
 E - 2 potions of cancellation
 S - 2 potions of agility
 Y - a potion of resistance
Books
 f - a book of the Warp

   Spells                             Type                      Level
   a - Recall                         Summoning/Translocation      3
   b - Gell's Gravitas                Hexes/Translocation          3
   c - Control Teleport               Charms/Translocation         4
   d - Force Lance                    Conjuration/Translocation    4
   e - Phase Shift                    Translocation                5
   f - Warp Weapon                    Charms/Translocation         5
   g - Summon Forest                  Summoning/Translocation      5
 l - a book of the Sky

   Spells                             Type                      Level
   a - Summon Lightning Spire         Summoning/Air                4
   b - Airstrike                      Air                          4
   c - Silence                        Hexes/Air                    5
   d - Deflect Missiles               Charms/Air                   6
   e - Conjure Ball Lightning         Conjuration/Air              6
   f - Tornado                        Air                          9
 m - a book of Hinderance

   Spells                             Type                      Level
   a - Confusing Touch                Hexes                        2
   b - Confuse                        Hexes                        3
   c - Gell's Gravitas                Hexes/Translocation          3
   d - Petrify                        Transmutation/Earth          4
   e - Metabolic Englaciation         Hexes/Ice                    5
 t - a Necronomicon {highlevel}

   This book is beyond your current level of understanding.

   Spells                             Type                      Level
   a - Haunt                          Necromancy/Summoning         7
   b - Borgnjor's Revivification      Necromancy                   8
   c - Death's Door                   Charms/Necromancy            8
   d - Necromutation                  Transmutation/Necromancy     8
 N - a book of Battle

   Spells                             Type                      Level
   a - Infusion                       Charms                       1
   b - Shroud of Golubria             Charms/Translocation         2
   c - Song of Slaying                Charms                       2
   d - Spectral Weapon                Hexes/Charms                 3
   e - Regeneration                   Charms/Necromancy            3
Comestibles
 h - a bread ration
 J - 3 chunks of flesh


   Skills:
 - Level 10.1 Fighting
 + Level 8.0 Staves
 - Level 6.0 Armour
 + Level 8.7 Dodging
 - Level 2.1 Stealth
 + Level 10.4 Shields
 + Level 9.9 Spellcasting
 + Level 12.0 Conjurations
   Level 0.8 Summonings
   Level 0.8 Translocations
 + Level 11.0 Fire Magic
 + Level 9.0 Air Magic
 + Level 8.9 Evocations


You had 4 spell levels left.
You knew the following spells:

 Your Spells              Type           Power        Failure   Level  Hunger
a - Magic Dart            Conj           ####         1%          1    None
b - Conjure Flame         Conj/Fire      ######..     1%          3    None
c - Mephitic Cloud        Conj/Pois/Air  #####...     1%          3    None
d - Airstrike             Air            ######....   1%          4    None
e - Orb of Destruction    Conj           ######....   9%          7    None
f - Fireball              Conj/Fire      ######....   1%          5    None
g - Bolt of Fire          Conj/Fire      ######....   2%          6    None
A - Repel Missiles        Chrm/Air       #####.       1%          2    None


Dungeon Overview and Level Annotations

Branches:
Dungeon (15/15)            Temple (1/1) D:7            Lair (8/8) D:10
 Shoals (0/4) Lair:3       Spider (0/4) Lair:4        Slime (0/6) Lair:8
    Orc (4/4) D:12            Elf (0/3) Orc:4        Vaults (0/5) D:14
 Depths: D:15

Altars:
Ashenzari
Cheibriados
Dithmenos
Elyvilon
Fedhas
Gozag
Kikubaaqudgha
Makhleb
Nemelex Xobeh
Okawaru
Qazlal
Ru
Sif Muna
Trog
Vehumet
Xom
Yredelemnul
Zin
The Shining One
Beogh
Jiyva

Shops:
D:12 *   Orc:3 (   Orc:4 }*=([

Annotations:
D:9 exclusion: statue


Innate Abilities, Weirdness & Mutations

You are resistant to torment.
Your stone body is resilient (AC +12).
You are immune to poison.
Your large and strong wings let you fly indefinitely.
You resist negative energy.
You are resistant to electric shocks.
You can survive without breathing.
You are immune to petrification.
You are immune to rotting.


Message History

Casting: Airstrike
Confirm with . or Enter, or press ? or * to list all spells.
Aiming: Airstrike
Press: ? - help, Dir - move target cursor, f/p - fire dragon
Aim: a fire dragon (almost dead, catching its breath)
The air twists around and violently strikes the fire dragon!
You kill the fire dragon!
Vehumet accepts your kill. The fire dragon bites you!
* * * LOW HITPOINT WARNING * * *
The fire dragon claws you.
* * * LOW HITPOINT WARNING * * *
The fire dragon completely misses you.
Evoke which item? (* to show all) (? for menu, Esc to quit)
Zapping:
v - a wand of heal wounds (4)
Press: ? - help, Shift-Dir - straight line, f - you You feel much better.
This wand has 3 charges left.
The fire dragon breathes flames at you. The blast of flame hits you!
You die...

##.#.# ###§§ .$ ##.#..# ###.# #$.
D$ ###.## #...# ..#. #.# #.###
... #.# #.# #.#### #.# #.#
#.##.## #.# ####.# #.....# #.#
.....# ##.D8†.# #.# .....##
.##.@..# #.#
._....#######.##...## #.#
....#..........##.#.######.######
...(..#######...##...............
####### #..##.#.############.
#..##..## #. #..##.## #. #.(†..#
#. ##†#### #.


You could see a fire dragon.

Vanquished Creatures
  Gastronok (Lair:3)
  Maud (Orc:2)
  A stone giant (Orc:4)
  Nessos (Lair:6)
  2 ettins
  Snorg (D:13)
  A fire dragon (D:15)
  Josephine (Lair:7)
  Harold (Lair:4)
  11 hydras
  4 centaur warriors
  2 catoblepae
  2 dancing weapons (D:14)
  The ghost of Kidiri the Blocker, a powerful GrFi of Okawaru (Lair:1)
  2 tengu warriors
  16 death yaks
  The ghost of Rayvis the Covert, a powerful FeEn of Dithmenos (Orc:3)
  2 fire crabs
  A wizard (D:14)
  6 hill giants
  A swamp dragon (shapeshifter) (D:13)
  2 unseen horrors (D:15)
  A wolf spider (D:15)
  6 ugly things
  A manticore (D:12)
  3 oklob plants
  An orc sorcerer (Orc:4)
  A lindwurm (shapeshifter) (D:15)
  12 cyclopes
  A harpy (Lair:1)
  6 slime creatures
  14 elephants
  4 griffons
  An orange demon (Lair:8)
  A centaur zombie (D:15)
  2 octopodes
  2 black mambas
  19 spiny frogs
  2 freezing wraiths (D:15)
  8 komodo dragons
  A harpy zombie (D:15)
  6 fire drakes
  5 trolls
  A tengu conjurer (D:15)
  2 polar bears
  A merfolk (D:9)
  4 two-headed ogres
  Prince Ribbit (Lair:3)
  A raven (shapeshifter) (D:15)
  4 ravens
  A boulder beetle (Lair:5)
  A wolf spider simulacrum (D:14)
  A trapdoor spider zombie (D:10)
  6 wraiths
  15 blink frogs
  5 trapdoor spiders
  A wyvern (D:11)
  75 yaks
  4 hungry ghosts
  Eustachio (D:4)
  3 basilisks
  8 hippogriffs
  3 deep elf magi
  7 vampire mosquitoes (D:13)
  A deep elf fighter (Orc:4)
  5 wargs
  A hell hound (Lair:8)
  A mottled dragon (D:15)
  A soldier ant (D:13)
  20 wolves
  23 water moccasins
  3 black bears
  4 sky beasts
  14 orc warriors
  2 wasps
  14 porcupines
  A black bear (shapeshifter) (D:15)
  3 phantoms
  6 ice beasts
  3 eyes of draining
  13 ogres
  15 crocodiles
  13 centaurs
  3 big kobolds
  26 giant frogs
  A water moccasin zombie (D:8)
  A gnoll sergeant (D:9)
  5 scorpions
  A wyvern skeleton (D:12)
  9 wights
  2 electric eels (Lair:2)
  6 jellies
  13 crimson imps
  5 hounds
  22 orc priests
  A giant frog zombie (D:9)
  5 centaur skeletons
  9 iguanas
  9 worker ants
  4 giant frog skeletons
  40 orc wizards
  25 sheep
  2 hound zombies
  A hound skeleton (D:6)
  A worker ant zombie (D:4)
  17 adders
  9 gnolls
  37 river rats
  5 shadow imps
  3 oozes
  An adder skeleton (D:9)
  An adder zombie (D:5)
  5 worms
  176 orcs
  2 bat skeletons (D:4)
  5 giant cockroaches
  24 goblins
  26 hobgoblins
  6 jackals
  32 kobolds
  2 ball pythons
  16 bats
  7 giant geckos
  3 giant newts
  A jackal skeleton (D:7)
  6 quokkas
  A quokka skeleton (D:4)
  13 rats
  6 bushes
  6 fungi
  9 plants
1056 creatures vanquished.

Vanquished Creatures (others)
  An orc wizard (Orc:4)
  8 fungi
  4 plants
13 creatures vanquished.

Grand Total: 1069 creatures vanquished

Notes
Turn   | Place    | Note
--------------------------------------------------------------
     0 | D:1      | OTRawrior the Gargoyle Wizard began the quest for the Orb.
     0 | D:1      | Reached XP level 1. HP: 10/10 MP: 4/4
   285 | D:1      | Reached XP level 2. HP: 9/15 MP: 0/6
   347 | D:1      | Learned a level 2 spell: Repel Missiles
   938 | D:1      | Reached XP level 3. HP: 19/19 MP: 5/7
   943 | D:1      | Learned a level 3 spell: Conjure Flame
  1727 | D:2      | Reached XP level 4. HP: 24/24 MP: 2/9
  1732 | D:2      | Learned a level 3 spell: Mephitic Cloud
  1980 | D:2      | Found an opulent altar of Gozag.
  2562 | D:3      | Reached skill level 4 in Conjurations
  2716 | D:3      | Reached XP level 5. HP: 28/28 MP: 7/10
  3462 | D:3      | Reached skill level 5 in Conjurations
  3512 | D:4      | Noticed an ogre
  3524 | D:3      | Reached XP level 6. HP: 32/32 MP: 0/12
  4132 | D:4      | Killed an ogre
  4132 | D:4      | Reached skill level 6 in Conjurations
  4285 | D:4      | Reached XP level 7. HP: 24/37 MP: 11/13
  4483 | D:4      | Reached skill level 1 in Air Magic
  4545 | D:4      | Found a shimmering altar of Xom.
  4546 | D:4      | Found a burning altar of Makhleb.
  4560 | D:4      | Reached skill level 1 in Fire Magic
  4564 | D:4      | Reached skill level 1 in Fighting
  4564 | D:4      | Reached skill level 1 in Armour
  4669 | D:4      | Noticed Eustachio
  4705 | D:4      | Reached skill level 1 in Evocations
  4828 | D:4      | Killed Eustachio
  4828 | D:4      | Reached skill level 1 in Shields
  5109 | D:4      | Reached XP level 8. HP: 42/44 MP: 15/15
  5135 | D:4      | Found a stormy altar of Qazlal.
  5193 | D:5      | Entered Level 5 of the Dungeon
  5798 | D:5      | Found a sparkling altar of Nemelex Xobeh.
  6211 | D:5      | Found a shadowy altar of Dithmenos.
  6719 | D:6      | Reached skill level 5 in Spellcasting
  6939 | D:6      | Found a bloodstained altar of Trog.
  7286 | D:6      | Reached XP level 9. HP: 44/49 MP: 16/16
  7656 | D:7      | Found a staircase to the Ecumenical Temple.
  7664 | Temple   | Entered the Ecumenical Temple
  7992 | D:7      | Found a shattered altar of Ashenzari.
  8069 | D:7      | Reached skill level 7 in Conjurations
  9097 | D:8      | Found a deep blue altar of Sif Muna.
  9236 | D:8      | Reached skill level 5 in Fire Magic
  9313 | D:8      | Found an iron altar of Okawaru.
  9314 | D:8      | Found a basalt altar of Yredelemnul.
  9568 | D:8      | Found a glowing silver altar of Zin.
  9569 | D:8      | Noticed an angel
  9618 | D:8      | Found a blossoming altar of Fedhas.
  9742 | D:9      | Reached XP level 10. HP: 57/57 MP: 15/18
 10711 | D:9      | Found a radiant altar of Vehumet.
 10735 | D:9      | Became a worshipper of Vehumet
 10919 | D:9      | Learned a level 4 spell: Airstrike
 11227 | D:10     | Entered Level 10 of the Dungeon
 11401 | D:10     | Found a staircase to the Lair.
 11412 | D:10     | Noticed a hill giant
 11451 | D:10     | Killed a hill giant
 11451 | D:10     | Reached skill level 5 in Fighting
 11481 | D:10     | Reached skill level 5 in Air Magic
 11723 | D:10     | Acquired Vehumet's first power
 11723 | D:10     | Offered knowledge of Flame Tongue by Vehumet.
 11870 | D:10     | Reached XP level 11. HP: 61/63 MP: 15/20
 12776 | D:10     | Learned a level 7 spell: Orb of Destruction
 13069 | D:10     | Reached skill level 5 in Armour
 13069 | D:10     | Reached skill level 5 in Shields
 13361 | D:11     | Offered knowledge of Sandblast by Vehumet.
 13832 | D:11     | Noticed an eight-headed hydra
 13846 | D:11     | HP: 2/64 [eight-headed hydra (7)]
 14302 | D:11     | Reached skill level 8 in Conjurations
 14342 | D:11     | HP: 3/64 [red ugly thing (21)]
 14667 | D:11     | Killed an eight-headed hydra
 15332 | D:12     | Noticed a hill giant
 15348 | D:12     | Killed a hill giant
 16242 | D:12     | Reached skill level 1 in Staves
 16344 | D:12     | Found a staircase to the Orcish Mines.
 16384 | D:12     | Found a roughly hewn altar of Beogh.
 16500 | D:12     | Found Sodorchis's Assorted Antiques.
 16537 | D:12     | Offered knowledge of Inner Flame by Vehumet.
 16552 | D:12     | Bought a coppery potion for 24 gold pieces
 16552 | D:12     | Bought an amethyst potion for 24 gold pieces
 17149 | D:12     | Reached XP level 12. HP: 69/69 MP: 20/22
 17349 | D:13     | Noticed a seven-headed hydra
 17360 | D:13     | Killed a seven-headed hydra
 17599 | D:13     | Noticed a centaur warrior
 17615 | D:13     | Killed a centaur warrior
 17776 | D:13     | Noticed Snorg
 17800 | D:13     | Killed Snorg
 17928 | D:13     | Reached skill level 5 in Dodging
 18065 | D:13     | Acquired Vehumet's second power
 18145 | D:13     | Reached skill level 5 in Evocations
 18616 | D:13     | Offered knowledge of Throw Icicle by Vehumet.
 19252 | Orc:1    | Entered Level 1 of the Orcish Mines
 19370 | Orc:1    | Found a roughly hewn altar of Beogh.
 19740 | Lair:1   | Entered Level 1 of the Lair of Beasts
 19974 | Lair:1   | Noticed Kidiri's ghost (powerful GrFi)
 20620 | Lair:1   | Reached skill level 9 in Conjurations
 21124 | Lair:1   | Acquired Vehumet's third power
 21581 | Lair:2   | Reached XP level 13. HP: 14/76 MP: 1/24
 21905 | Lair:2   | Noticed a five-headed hydra
 22595 | D:14     | Offered knowledge of Static Discharge by Vehumet.
 22925 | Orc:2    | Found a burning altar of Makhleb.
 23643 | Orc:3    | Noticed Maud
 24228 | Orc:2    | Killed Maud
 24603 | Orc:1    | Found a runed door.
 24645 | Orc:1    | Offered knowledge of Irradiate by Vehumet.
 24755 | Orc:1    | Found a roughly hewn altar of Beogh.
 24773 | Orc:1    | Identified a scroll of acquirement
 25543 | Orc:3    | Noticed Rayvis's ghost (powerful FeEn)
 25546 | Orc:3    | Killed Rayvis's ghost
 25726 | Orc:3    | Found Kygux's Antique Weapon Emporium.
 26980 | Orc:4    | Entered Level 4 of the Orcish Mines
 27330 | Orc:4    | Noticed an ettin
 27331 | Orc:4    | Found Husafyun's General Store.
 27731 | Orc:3    | Killed an ettin
 28404 | Orc:4    | Found a staircase to the Elven Halls.
 28460 | Orc:4    | Noticed an ettin
 28461 | Orc:4    | Found Hyuwnit's Antique Armour Shoppe.
 28922 | Lair:1   | Killed Kidiri's ghost
 29441 | Lair:2   | Killed a five-headed hydra
 30242 | Lair:2   | Reached skill level 5 in Staves
 30591 | Lair:3   | Noticed Gastronok
 30918 | Lair:3   | Killed Gastronok
 31569 | Lair:3   | Gained mutation: Your large and strong wings let you fly indefinitely. [Gargoyle growth]
 31569 | Lair:3   | Reached XP level 14. HP: 84/84 MP: 23/26
 31579 | Lair:3   | Noticed Prince Ribbit
 31749 | Lair:2   | Reached skill level 10 in Conjurations
 32198 | Lair:3   | Killed Prince Ribbit
 32371 | Lair:3   | Found a staircase to the Shoals.
 33453 | Lair:4   | Found a hole to the Spider Nest.
 33685 | Lair:4   | Noticed Harold
 33709 | Lair:4   | Killed Harold
 34019 | Lair:4   | Reached skill level 10 in Fighting
 34019 | Lair:4   | Reached XP level 15. HP: 87/92 MP: 27/27
 34048 | Lair:4   | Offered knowledge of Fireball by Vehumet.
 34055 | Lair:4   | Learned a level 5 spell: Fireball
 35319 | Lair:5   | HP: 4/92 [fire crab] (26)]
 37147 | Lair:1   | Upgraded the game from 0.17-a0-1210-g1e4f09d to 0.17-a0-1248-g117de50
 38547 | Lair:6   | Got a transparent dagger
 38548 | Lair:6   | Identified the +7 dagger "Ageipuh" {freeze, +Blink +Rage rPois Dex-4} (You found it on level 6 of the Lair of Beasts)
 38805 | Lair:6   | Noticed Nessos
 38814 | Lair:6   | Killed Nessos
 39983 | Lair:7   | Offered knowledge of Bolt of Fire by Vehumet.
 40140 | Lair:7   | Learned a level 6 spell: Bolt of Fire
 41032 | Lair:7   | Noticed Josephine
 41059 | Lair:7   | Killed Josephine
 41079 | Lair:7   | Reached skill level 11 in Conjurations
 41738 | Lair:6   | Reached XP level 16. HP: 54/97 MP: 8/29
 41856 | Lair:7   | Reached skill level 10 in Fire Magic
 41925 | Lair:8   | Entered Level 8 of the Lair of Beasts
 42480 | Lair:8   | Found a staircase to the Slime Pits.
 42480 | Lair:8   | Found a viscous altar of Jiyva.
 42756 | Lair:8   | Found a deep blue altar of Sif Muna.
 43506 | Lair:8   | Offered knowledge of Bolt of Draining by Vehumet.
 45750 | Orc:4    | Bought a glowing buckler for 135 gold pieces
 45750 | Orc:4    | Bought a crude helmet for 285 gold pieces
 45761 | Orc:4    | Identified the +1 helmet "Heginkov" {Regen+} (You bought it in a shop on level 4 of the Orcish Mines)
 45793 | Orc:4    | Noticed a stone giant
 45799 | Orc:4    | Killed a stone giant
 45818 | Orc:4    | Found Vozacvy's Antique Weapon Shoppe.
 45843 | Orc:4    | Bought a glowing quarterstaff for 120 gold pieces
 45995 | Orc:4    | Noticed an ettin
 46001 | Orc:4    | Killed an ettin
 46031 | Orc:4    | Found Olopy's Jewellery Emporium.
 46153 | Orc:4    | Bought an uncursed ring of magical power for 340 gold pieces
 46368 | Orc:4    | Found Siaff's Quality Used Wands.
 46465 | Orc:4    | Found a bloodstained altar of Trog.
 46781 | D:14     | Reached skill level 10 in Shields
 47069 | D:14     | Found a gate to the Vaults.
 47134 | D:14     | Offered knowledge of Ozocubu's Refrigeration by Vehumet.
 47625 | D:14     | Noticed a quicksilver dragon
 47665 | D:15     | Entered Level 15 of the Dungeon
 47956 | D:15     | Reached XP level 17. HP: 95/102 MP: 13/30
 48841 | D:15     | Reached skill level 12 in Conjurations
 49413 | D:15     | Found a glowing silver altar of Zin.
 49513 | D:15     | HP: 4/102 [fire dragon (2)]
 49514 | D:15     | Killed from afar by a fire dragon

Vault maps used:
D:1:      minmay_arrival_stair_chambers
D:2:      nicolae_gozag_seed_capital
D:3:      eino_tiny_chamber, minmay_distorted
D:4:      grunt_temple_overflow_champion_of_chaos, kennysheep_little_box,
          first_bread, roderic_roman_lattice, uniq_eustachio
D:5:      lemuel_round_altar, kennysheep_mini_moat
D:6:      bloody_trog
D:7:      ashenzari_conservatory_becter, minmay_temple_entry_grid
D:8:      zin_angel, fedhas_altar_fruit_tree, led_sif_book, minitemple
D:9:      vehumet_statue, hangedman_fish_farm
D:10:     minmay_lair_entry_lava
D:11:     small_statue_intersection
D:12:     minmay_orc_entry_temple_small, serial_shops, shop, minmay_door_square
D:13:     uniq_snorg
D:14:     erik_vaults_1, minivault_19, minmay_fountain_box, grunt_ministairs_4
D:15:     grunt_enter_depths_hoard, patterned_corridor, basic_altar,
          minivault_19, nicolae_benzene_ring
Temple:   nicolae_temple_hex_pool_5
Lair:2:   lemuel_fruit_fields, serial_bayou_shore_a, bh_autumn_forest_stairs
Lair:3:   elwin_shoals_entry_rocks, serial_bayou_pond_b, beast_lair_carwin_2,
          uniq_gastronok, uniq_prince_ribbit2
Lair:4:   spider_nest_entry_webs, hangedman_lair_unloving_vines,
          lemuel_fruit_fields, uniq_harold
Lair:6:   lemuel_fruit_tree, uniq_nessos
Lair:7:   uniq_josephine
Lair:8:   evil_forest, slime_altar_1, basic_altar, infiniplex_staircase_pool
Orc:1:    basic_altar, lightli_church_of_beogh
Orc:2:    basic_altar
Orc:3:    serial_shops, shop, nicolae_orc_pool_cavern, mines3_lemuel, uniq_maud
Orc:4:    grunt_orc_gardens, grunt_orc_garden, grunt_orc_garden,
          grunt_orc_garden, grunt_orc_garden, basic_altar,
          nicolae_for_you_no_charge

Action                   |  1- 3 |  4- 6 |  7- 9 | 10-12 | 13-15 | 16-18 || total
-------------------------+-------+-------+-------+-------+-------+-------++-------
Melee: Unarmed           |    76 |    11 |       |       |       |       ||    87
       Hand axe          |       |   120 |   262 |    43 |       |       ||   425
       Mace              |       |       |    81 |    64 |     1 |       ||   146
       Short sword       |       |       |    12 |   820 |   492 |   393 ||  1717
       Staff             |       |       |       |       |   206 |   103 ||   309
       Dagger            |       |       |       |       |    18 |       ||    18
 Cast: Magic Dart        |    74 |   116 |   182 |   351 |   853 |   102 ||  1678
       Conjure Flame     |       |     2 |     2 |    15 |    10 |       ||    29
       Mephitic Cloud    |       |     1 |    19 |    87 |   116 |    24 ||   247
       Repel Missiles    |       |       |     1 |     2 |     5 |       ||     8
       Airstrike         |       |       |       |    61 |    76 |    35 ||   172
       Orb of Destructio |       |       |       |       |    46 |     7 ||    53
       Fireball          |       |       |       |       |   118 |   208 ||   326
       Bolt of Fire      |       |       |       |       |     3 |    23 ||    26
Evoke: Wand              |       |       |       |     9 |    50 |     6 ||    65
  Use: Scroll            |     5 |     2 |    12 |    14 |    18 |     9 ||    60
       Potion            |       |       |       |     5 |    15 |       ||    20
 Stab: Sleeping          |       |     1 |     1 |       |       |       ||     2
       Confused          |       |       |     5 |    29 |    16 |     4 ||    54
       Fleeing           |       |       |       |     1 |       |       ||     1
       Invisible         |       |       |       |       |     1 |       ||     1
  Eat: Chunk             |     2 |     3 |    13 |    17 |    66 |    64 ||   165
       Meat ration       |       |     1 |     1 |     4 |     1 |       ||     7
       Fruit             |       |       |     1 |       |    21 |    19 ||    41
       Beef jerky        |       |       |       |     1 |     2 |       ||     3
       Bread ration      |       |       |       |     2 |     7 |     1 ||    10
       Pizza             |       |       |       |       |     3 |       ||     3
